| TOP OF THE 1ST |
|
Sumter Gamecocks batting - Pitching for Greenville Spinners : RHP Richard Hille
|
|
Pitching: RHP Richard Hille
|
|
|
Batting: SHB John Cangelosi
|
0-0: Foul Ball, location: 2F 0-1: Foul Ball, location: 2F 0-2: Ball 1-2: Ball 2-2: Ground out 2-3 (Groundball, 15S, EV 64.4 MPH)
|
|
Batting: LHB Antonio Tapia
|
0-0: Ball 1-0: Ball 2-0: Called Strike 2-1: Ball 3-1: Base on Balls
|
|
Batting: RHB Randy Washington
|
0-0: Ball 1-0: Grounds into double play, 6-4-3 (Groundball, 6, EV 85.6 MPH)
|
| Top of the 1st over - 0 runs, 0 hits, 0 errors, 0 left on base; Sumter 0 - Greenville 0 |
| BOTTOM OF THE 1ST |
|
Greenville Spinners batting - Pitching for Sumter Gamecocks : RHP David Lopez
|
|
Pitching: RHP David Lopez
|
|
|
Batting: RHB Tony Russell
|
0-0: Ground out 4-3 (Groundball, 4, EV 93.8 MPH)
|
|
Batting: RHB Byron Peyton
|
0-0: Ball 1-0: Ball 2-0: Ball 3-0: Called Strike 3-1: Base on Balls
|
|
Batting: RHB Bobby Miscik
|
0-0: Ball 1-0: Ball 2-0: Foul Ball, location: 2F 2-1: Ball 3-1: Fly out, F8 (Flyball, 89D, EV 89.4 MPH)
|
|
Batting: LHB John Edmonds
|
0-0: Foul Ball, location: 2F 0-1: Fielders Choice at 2nd, 5-4 (Groundball, 56, EV 83.8 MPH)
|
| Bottom of the 1st over - 0 runs, 0 hits, 0 errors, 1 left on base; Sumter 0 - Greenville 0 |
| TOP OF THE 2ND |
|
Sumter Gamecocks batting - Pitching for Greenville Spinners : RHP Richard Hille
|
|
Batting: RHB Ron Shepherd
|
0-0: Called Strike 0-1: Fly out, F3 (Popup, 3SF, EV 78.1 MPH)
|
|
Batting: LHB Mark Gerard
|
0-0: Foul Ball, location: 2F 0-1: Fly out, F5 (Popup, 5SF, EV 63.8 MPH)
|
|
Batting: RHB Vaughn Calloway
|
0-0: Foul Ball, location: 2F 0-1: Ball 1-1: Ground out 6-3 (Groundball, 6MS, EV 85.0 MPH)
|
| Top of the 2nd over - 0 runs, 0 hits, 0 errors, 0 left on base; Sumter 0 - Greenville 0 |
| BOTTOM OF THE 2ND |
|
Greenville Spinners batting - Pitching for Sumter Gamecocks : RHP David Lopez
|
|
Batting: SHB Thomas Colburn
|
0-0: Foul Ball, location: 2F 0-1: Ball 1-1: Foul Ball, location: 2F 1-2: Strikes out swinging
|
|
Batting: RHB Glenn Robertson
|
0-0: Called Strike 0-1: Swinging Strike 0-2: Fly out, F4 (Popup, 34, EV 65.0 MPH)
|
|
Batting: RHB Michael McEvilly
|
0-0: Ball 1-0: Called Strike 1-1: Ground out 6-3 (Groundball, 6MS, EV 89.4 MPH)
|
| Bottom of the 2nd over - 0 runs, 0 hits, 0 errors, 0 left on base; Sumter 0 - Greenville 0 |
| TOP OF THE 3RD |
|
Sumter Gamecocks batting - Pitching for Greenville Spinners : RHP Richard Hille
|
|
Batting: RHB Jerry Hidalgo
|
0-0: Ball 1-0: Ball 2-0: Swinging Strike 2-1: Called Strike 2-2: Ball 3-2: Base on Balls
|
|
Batting: RHB Claude Johnson
|
0-0: Ball 1-0: Ball 2-0: Swinging Strike 2-1: Foul Ball, location: 2F 2-2: Strikes out looking
|
|
Batting: RHB Juan Hernandez
|
0-0: Ball 1-0: Fielders Choice at 2nd, 5-4 (Groundball, 56S, EV 79.4 MPH)
|
|
Batting: SHB John Cangelosi
|
0-0: Called Strike 0-1: Foul Ball, location: 2F 0-2: Ball 1-2: Ball 2-2: Ball 3-2: Base on Balls Juan Hernandez to second
|
|
Batting: LHB Antonio Tapia
|
0-0: Ball 1-0: Fly out, F8 (Flyball, 8LS, EV 91.3 MPH)
|
| Top of the 3rd over - 0 runs, 0 hits, 0 errors, 2 left on base; Sumter 0 - Greenville 0 |
| BOTTOM OF THE 3RD |
|
Greenville Spinners batting - Pitching for Sumter Gamecocks : RHP David Lopez
|
|
Batting: RHB Darrell Woodard
|
0-0: Ball 1-0: Ball 2-0: Ball 3-0: Called Strike 3-1: Swinging Strike 3-2: Ground out 1-3 (Groundball, 13, EV 73.1 MPH)
|
|
Batting: RHB Luis Salazar
|
0-0: Foul Ball, location: 2F 0-1: Fly out, F5 (Popup, 56S, EV 81.3 MPH)
|
|
Batting: RHB Tony Russell
|
0-0: Ball 1-0: Called Strike 1-1: Foul Ball, location: 2F 1-2: Ball 2-2: Ball 3-2: Strikes out swinging
|
| Bottom of the 3rd over - 0 runs, 0 hits, 0 errors, 0 left on base; Sumter 0 - Greenville 0 |
| TOP OF THE 4TH |
|
Sumter Gamecocks batting - Pitching for Greenville Spinners : RHP Richard Hille
|
|
Batting: RHB Randy Washington
|
0-0: Called Strike 0-1: Foul Ball, location: 2F 0-2: Ball 1-2: Foul Ball, location: 2F 1-2: Foul Ball, location: 2F 1-2: Ball 2-2: Single, Error in OF, E7, batter to second base (Line Drive, 78S, EV 107.5 MPH)
|
|
Batting: RHB Ron Shepherd
|
0-0: Fly out, F7 (Line Drive, 7, EV 90.0 MPH)
|
|
Batting: LHB Mark Gerard
|
0-0: Ball 1-0: SINGLE (Groundball, 34D, EV 103.8 MPH) Randy Washington to third Runner from 3rd tries for Home, SAFE, throw by RF to home Mark Gerard to second
|
|
Batting: RHB Vaughn Calloway
|
0-0: Foul Ball, location: 2F 0-1: Called Strike 0-2: Ball 1-2: Fly out, F9 (Flyball, 9LM, EV 94.4 MPH)
|
|
Batting: RHB Jerry Hidalgo
|
0-0: Ball Wild Pitch! Mark Gerard to third 1-0: Foul Ball, location: 2F 1-1: Ball 2-1: Ball 3-1: Base on Balls
|
|
Batting: RHB Claude Johnson
|
0-0: Ball 1-0: Ball 2-0: Called Strike 2-1: Called Strike 2-2: Strikes out swinging
|
| Top of the 4th over - 1 run, 2 hits, 1 error, 2 left on base; Sumter 1 - Greenville 0 |
| BOTTOM OF THE 4TH |
|
Greenville Spinners batting - Pitching for Sumter Gamecocks : RHP David Lopez
|
|
Batting: RHB Byron Peyton
|
0-0: Foul Ball, location: 2F 0-1: Ball 1-1: Ball 2-1: Ball 3-1: Swinging Strike 3-2: Fly out, F7 (Flyball, 7S, EV 83.1 MPH)
|
|
Batting: RHB Bobby Miscik
|
0-0: Called Strike 0-1: Ball 1-1: Swinging Strike 1-2: Ball 2-2: SINGLE (Groundball, 6D, EV 102.5 MPH)
|
|
Batting: LHB John Edmonds
|
0-0: Ball Bobby Miscik steals 2nd base 1-0: Called Strike 1-1: SINGLE (Groundball, 34S, EV 60.6 MPH) (infield hit) Bobby Miscik to third
|
|
Batting: SHB Thomas Colburn
|
0-0: Called Strike 0-1: Ball 1-1: DOUBLE (Line Drive, 8RXD, EV 106.3 MPH) Bobby Miscik scores John Edmonds to third
|
|
Batting: RHB Glenn Robertson
|
0-0: Ball 1-0: Called Strike 1-1: Swinging Strike 1-2: Ball 2-2: Foul Ball, location: 2F 2-2: Ground out 5-3 (Groundball, 56, EV 88.1 MPH) John Edmonds scores
|
|
Batting: RHB Michael McEvilly
|
0-0: Called Strike 0-1: Ball 1-1: Foul Ball, location: 2F 1-2: Fly out, F8 (Flyball, 89M, EV 86.3 MPH)
|
| Bottom of the 4th over - 2 runs, 3 hits, 0 errors, 1 left on base; Sumter 1 - Greenville 2 |
| TOP OF THE 5TH |
|
Sumter Gamecocks batting - Pitching for Greenville Spinners : RHP Richard Hille
|
|
Batting: RHB Juan Hernandez
|
0-0: Foul Ball, location: 2F 0-1: Ball 1-1: Called Strike 1-2: Strikes out swinging
|
|
Batting: SHB John Cangelosi
|
0-0: Ball 1-0: Ball 2-0: Ball 3-0: Called Strike 3-1: Called Strike 3-2: Base on Balls
|
|
Batting: LHB Antonio Tapia
|
0-0: Ball 1-0: Called Strike 1-1: SINGLE (Line Drive, 5D, EV 100.6 MPH) John Cangelosi to second
|
|
Batting: RHB Randy Washington
|
0-0: Called Strike 0-1: SINGLE (Groundball, 34D, EV 96.9 MPH) John Cangelosi to third Antonio Tapia to second Runner from 3rd tries for Home, SAFE, throw by RF to home Antonio Tapia to third Randy Washington to second
|
|
Batting: RHB Ron Shepherd
|
0-0: Ball 1-0: Fly out, F7 (Flyball, 78D, EV 80.0 MPH) Runner from 3rd tags up, OUT at HOME! 7-2
|
| Top of the 5th over - 1 run, 2 hits, 0 errors, 1 left on base; Sumter 2 - Greenville 2 |
| BOTTOM OF THE 5TH |
|
Greenville Spinners batting - Pitching for Sumter Gamecocks : RHP David Lopez
|
|
Batting: RHB Darrell Woodard
|
0-0: Foul Ball, location: 2F 0-1: Called Strike 0-2: Ball 1-2: Foul Ball, location: 2F 1-2: Foul Ball, location: 2F 1-2: Foul Ball, location: 2F 1-2: Ball 2-2: Strikes out looking
|
|
Batting: RHB Luis Salazar
|
0-0: Called Strike 0-1: Called Strike 0-2: Ball 1-2: Ground out 6-3 (Groundball, 6, EV 100.6 MPH)
|
|
Batting: RHB Tony Russell
|
0-0: Ball 1-0: Foul Ball, location: 2F 1-1: Ball 2-1: Ball 3-1: SINGLE (Groundball, 6MD, EV 99.4 MPH)
|
|
Batting: RHB Byron Peyton
|
0-0: Ball 1-0: Foul Ball, location: 2F 1-1: Ball Tony Russell steals 2nd base 2-1: Ball 3-1: Foul Ball, location: 2F 3-2: Foul Ball, location: 2F 3-2: Ground out U3 (Groundball, 34S, EV 80.6 MPH)
|
| Bottom of the 5th over - 0 runs, 1 hit, 0 errors, 1 left on base; Sumter 2 - Greenville 2 |
| TOP OF THE 6TH |
|
Sumter Gamecocks batting - Pitching for Greenville Spinners : RHP Richard Hille
|
|
Batting: LHB Mark Gerard
|
0-0: Ground out 4-3 (Groundball, 4S, EV 77.5 MPH)
|
|
Batting: RHB Vaughn Calloway
|
0-0: Foul Ball, location: 2F 0-1: Foul Ball, location: 2F 0-2: Ball 1-2: Ball 2-2: Foul Ball, location: 2F 2-2: Ball 3-2: Foul Ball, location: 2F 3-2: Reached on error, E3 (Groundball, 34, EV 105.6 MPH)
|
|
Batting: RHB Jerry Hidalgo
|
0-0: Ball 1-0: Called Strike 1-1: Ball 2-1: Fly out, F9 (Line Drive, 9, EV 112.5 MPH)
|
|
Batting: RHB Claude Johnson
|
0-0: Called Strike 0-1: Foul Ball, location: 2F 0-2: Foul Ball, location: 2F 0-2: Ball 1-2: Foul Ball, location: 2F 1-2: Ball 2-2: Strikes out swinging
|
| Top of the 6th over - 0 runs, 0 hits, 1 error, 1 left on base; Sumter 2 - Greenville 2 |
| BOTTOM OF THE 6TH |
|
Greenville Spinners batting - Pitching for Sumter Gamecocks : RHP David Lopez
|
|
Batting: RHB Bobby Miscik
|
0-0: Ball 1-0: Ball 2-0: Ball 3-0: Called Strike 3-1: Foul Ball, location: 2F 3-2: Foul Ball, location: 2F 3-2: Ground out 5-3 (Groundball, 56, EV 94.4 MPH)
|
|
Batting: LHB John Edmonds
|
0-0: Ball 1-0: Called Strike 1-1: Foul Ball, location: 2F 1-2: Ground out 4-3 (Groundball, 34D, EV 87.5 MPH)
|
|
Batting: SHB Thomas Colburn
|
0-0: Ball 1-0: Called Strike 1-1: Foul Ball, location: 2F 1-2: Ball 2-2: Strikes out swinging
|
| Bottom of the 6th over - 0 runs, 0 hits, 0 errors, 0 left on base; Sumter 2 - Greenville 2 |
| TOP OF THE 7TH |
|
Sumter Gamecocks batting - Pitching for Greenville Spinners : RHP Richard Hille
|
|
Batting: RHB Juan Hernandez
|
0-0: Ball 1-0: Foul Ball, location: 2F 1-1: Foul Ball, location: 2F 1-2: Strikes out swinging
|
|
Batting: SHB John Cangelosi
|
0-0: Ball 1-0: Called Strike 1-1: Ball 2-1: Foul Ball, location: 2F 2-2: SINGLE (Flyball, 78S, EV 88.8 MPH)
|
|
Batting: LHB Antonio Tapia
|
0-0: Ball 1-0: Ball 2-0: SINGLE (Line Drive, 4MD, EV 98.1 MPH) John Cangelosi to second Runner from 2nd tries for 3rd, SAFE, throw by CF made to third
|
|
Batting: RHB Randy Washington
|
0-0: Ball 1-0: SINGLE (Line Drive, 8LS, EV 95.6 MPH) John Cangelosi scores Antonio Tapia to second
|
|
Batting: RHB Ron Shepherd
|
0-0: Called Strike 0-1: Foul Ball, location: 2F 0-2: Fly out, F8 (Flyball, 8RS, EV 90.0 MPH)
|
|
Batting: LHB Mark Gerard
|
0-0: Ball 1-0: Ball 2-0: Fly out, F7 (Flyball, 7S, EV 83.8 MPH)
|
| Top of the 7th over - 1 run, 3 hits, 0 errors, 2 left on base; Sumter 3 - Greenville 2 |
| BOTTOM OF THE 7TH |
|
Greenville Spinners batting - Pitching for Sumter Gamecocks : RHP David Lopez
|
|
Batting: RHB Glenn Robertson
|
0-0: Ball 1-0: Ball 2-0: Fly out, F8 (Flyball, 8LS, EV 90.6 MPH)
|
|
Batting: RHB Michael McEvilly
|
0-0: Foul Ball, location: 2F 0-1: SINGLE (Line Drive, 89M, EV 98.8 MPH)
|
|
Pinch Hitting: RHB Ronald Carapezzi
|
0-0: Ball 1-0: Called Strike 1-1: Foul Ball, location: 2F 1-2: Ball 2-2: Ball 3-2: Reaches on Catchers interference Michael McEvilly to second
|
|
Pinch Hitting: LHB Glen Moon
|
0-0: Ball 1-0: Called Strike 1-1: Called Strike 1-2: Ball 2-2: Ball 3-2: Base on Balls Michael McEvilly to third Ronald Carapezzi to second
|
|
Pitching: RHP Dave Wareham
|
|
|
Batting: RHB Tony Russell
|
0-0: Ball 1-0: Called Strike 1-1: Foul Ball, location: 2F 1-2: Strikes out swinging
|
|
Batting: RHB Byron Peyton
|
0-0: Foul Ball, location: 2F 0-1: Ball 1-1: Ball 2-1: Foul Ball, location: 2F 2-2: Fly out, F6 (Line Drive, 6, EV 68.1 MPH)
|
| Bottom of the 7th over - 0 runs, 1 hit, 1 error, 3 left on base; Sumter 3 - Greenville 2 |
| TOP OF THE 8TH |
|
Sumter Gamecocks batting - Pitching for Greenville Spinners : RHP Richard Hille
|
|
Now at 3B: Michael Kennedy
|
|
|
Now at SS: Ronald Carapezzi
|
|
|
Batting: RHB Vaughn Calloway
|
0-0: Called Strike 0-1: Ball 1-1: Swinging Strike 1-2: DOUBLE (Groundball, 5L, EV 105.0 MPH)
|
|
Batting: RHB Jerry Hidalgo
|
0-0: Intentional Walk
|
|
Batting: RHB Claude Johnson
|
0-0: Ball 1-0: Bunt missed! 1-1: Ball 2-1: Bunt missed! 2-2: Fly out, F8 (Flyball, 8RM, EV 75.6 MPH) Runner from 2nd tags up, SAFE at 3rd with throw by CF
|
|
Batting: RHB Juan Hernandez
|
0-0: Ball 1-0: Called Strike 1-1: Ball 2-1: Ball 3-1: Base on Balls Jerry Hidalgo to second
|
|
Batting: SHB John Cangelosi
|
0-0: SINGLE (Groundball, 34, EV 106.9 MPH) Vaughn Calloway scores Jerry Hidalgo to third Juan Hernandez to second Runner from 3rd tries for Home, SAFE, throw by RF to home
|
|
Batting: LHB Antonio Tapia
|
0-0: Ball 1-0: Foul Ball, location: 2F 1-1: Foul Ball, location: 2F 1-2: Ball 2-2: SINGLE (Line Drive, 78S, EV 96.3 MPH) Juan Hernandez to third John Cangelosi to second Runner from 3rd tries for Home, SAFE, throw by LF to home
|
|
Pitching: LHP Thomas Fiesthumel
|
|
|
Batting: RHB Randy Washington
|
0-0: Ball 1-0: Ball 2-0: Ball 3-0: Base on Balls John Cangelosi to third Antonio Tapia to second
|
|
Batting: RHB Ron Shepherd
|
0-0: Called Strike 0-1: Ball 1-1: Ball 2-1: Ball 3-1: Base on Balls John Cangelosi scores Antonio Tapia to third Randy Washington to second
|
|
Batting: LHB Mark Gerard
|
0-0: Ball 1-0: Called Strike 1-1: Called Strike 1-2: Ball 2-2: Foul Ball, location: 2F 2-2: Grounds into fielders choice 1-2 (Groundball, 34S, EV 64.4 MPH) Randy Washington to third Ron Shepherd to second
|
|
Batting: RHB Vaughn Calloway
|
0-0: Ball 1-0: Called Strike 1-1: Ball 2-1: Called Strike 2-2: Ball 3-2: Foul Ball, location: 2F 3-2: Foul Ball, location: 2F 3-2: Base on Balls Randy Washington scores Ron Shepherd to third Mark Gerard to second
|
|
Batting: RHB Jerry Hidalgo
|
0-0: Ball 1-0: Ball 2-0: Ball 3-0: Called Strike 3-1: Base on Balls Ron Shepherd scores Mark Gerard to third Vaughn Calloway to second
|
|
Batting: RHB Claude Johnson
|
0-0: Fielders Choice at 2nd, 6-4 (Groundball, 6, EV 81.9 MPH)
|
| Top of the 8th over - 6 runs, 3 hits, 0 errors, 3 left on base; Sumter 9 - Greenville 2 |
| BOTTOM OF THE 8TH |
|
Greenville Spinners batting - Pitching for Sumter Gamecocks : RHP Dave Wareham
|
|
Pinch Hitting: RHB Brandt Humphry
|
0-0: Foul Ball, location: 2F 0-1: Ball 1-1: Ball 2-1: Ball 3-1: Called Strike 3-2: SINGLE (Groundball, 6MD, EV 105.6 MPH)
|
|
Batting: LHB John Edmonds
|
0-0: Called Strike 0-1: Ball 1-1: Ball 2-1: Ball 3-1: Fly out, F8 (Flyball, 8RM, EV 81.3 MPH)
|
|
Batting: SHB Thomas Colburn
|
0-0: Ball 1-0: Called Strike 1-1: Fly out, F4 (Line Drive, 4, EV 70.0 MPH)
|
|
Batting: RHB Glenn Robertson
|
0-0: Ball 1-0: DOUBLE (Line Drive, 9LS, EV 104.4 MPH) Brandt Humphry to third Runner from 3rd tries for Home, SAFE, throw by RF to trailing runner, SAFE at third!
|
|
Batting: RHB Michael McEvilly
|
0-0: Swinging Strike 0-1: Ball 1-1: Fly out, F9 (Flyball, 89S, EV 98.8 MPH)
|
| Bottom of the 8th over - 1 run, 2 hits, 0 errors, 1 left on base; Sumter 9 - Greenville 3 |
| TOP OF THE 9TH |
|
Sumter Gamecocks batting - Pitching for Greenville Spinners : LHP Thomas Fiesthumel
|
|
Now at 1B: Brandt Humphry
|
|
|
Batting: RHB Juan Hernandez
|
0-0: Ball 1-0: Ball 2-0: Ground out 5-3 (Groundball, 5, EV 95.0 MPH)
|
|
Batting: SHB John Cangelosi
|
0-0: Ball 1-0: Called Strike 1-1: Called Strike 1-2: SINGLE (Line Drive, 4MD, EV 103.8 MPH)
|
|
Batting: LHB Antonio Tapia
|
0-0: Called Strike 0-1: Ball 1-1: Ball 2-1: Fly out, F7 (Flyball, 78M, EV 92.5 MPH)
|
|
Batting: RHB Randy Washington
|
0-0: Called Strike 0-1: Fly out, F8 (Flyball, 8LS, EV 88.8 MPH)
|
| Top of the 9th over - 0 runs, 1 hit, 0 errors, 1 left on base; Sumter 9 - Greenville 3 |
| BOTTOM OF THE 9TH |
|
Greenville Spinners batting - Pitching for Sumter Gamecocks : RHP Dave Wareham
|
|
Batting: RHB Ronald Carapezzi
|
0-0: Ball 1-0: Ground out 5-3 (Groundball, 5, EV 84.4 MPH)
|
|
Batting: SHB Michael Kennedy
|
0-0: Called Strike 0-1: Ball 1-1: Ball 2-1: Ground out 4-3 (Groundball, 34, EV 94.4 MPH)
|
|
Batting: RHB Tony Russell
|
0-0: Called Strike 0-1: Foul Ball, location: 2F 0-2: Ground out 4-3 (Groundball, 34D, EV 100.6 MPH)
|
| Bottom of the 9th over - 0 runs, 0 hits, 0 errors, 0 left on base; Sumter 9 - Greenville 3 |
|